AoeStats
← ogipochi_

Black Forest

505831306Analyzed
3v3 RM · 22d ago on Sep 11, 2026· 52m 41s· 6 players
Game mode
Random Map
Map size
Normal (6 player)
Population
200
Speed
Normal
Resources
Standard
Victory
Conquest
Starting age
Dark Age
Ending age
Imperial Age
RankedLock teamsTeams togetherTeam positionsShared explorationLock speedFull tech treeHidden civsTurbo modeCheats
Victory
Defeat
🇺🇸 Britons · United States
734
+16
🇯🇵 Khitans · Japan
719
+16
🇨🇳 Magyars · China
689
+17
🇫🇷 Britons · France
746
-17
🇸🇦 Franks · Saudi Arabia
721
-16
🇮🇹 Hindustanis · Italy
714
-16
Brux
0:43 Loom
12:06 Feudal Age
17:57 Double-Bit Axe
20:42 Castle Age
18:46 Horse Collar
19:07 Stone Mining
20:56 Wheelbarrow
21:20 Town Watch
22:20 Husbandry
22:52 Squires
23:07 Arson
24:48 Pikeman
26:44 Fortified Wall
28:27 Bloodlines
34:44 Imperial Age
34:05 Ballistics
33:47 Murder Holes
34:25 Heavy Plow
36:45 Chemistry
38:02 Fletching
38:26 Caravan
39:35 Scale Barding Armor
40:40 Conscription
40:56 Bow Saw
43:20 Grand Trunk Road
43:23 Shatagni
43:55 Heavy Camel Rider
xTc
11:09 Feudal Age
16:00 Castle Age
14:41 Double-Bit Axe
19:22 Bow Saw
22:21 Gold Mining
28:50 Husbandry
30:08 Scale Barding Armor
32:29 Chain Barding Armor
33:46 Gold Shaft Mining
33:01 Stone Mining
39:28 Padded Archer Armor
39:39 Forging
38:54 Elite Skirmisher
43:55 Imperial Age
44:30 Leather Archer Armor
44:06 Fletching
44:53 Iron Casting
monniervictor
11:47 Feudal Age
14:57 Double-Bit Axe
18:36 Castle Age
18:57 Wheelbarrow
24:22 Horse Collar
25:03 Stone Mining
25:54 Man-at-Arms
30:35 Crossbowman
33:18 Gold Mining
35:16 Yeomen
36:14 Padded Archer Armor
36:05 Fletching
37:16 Hand Cart
36:47 Loom
42:13 Leather Archer Armor
41:54 Bodkin Arrow
ogipochi_
0:44 Loom
12:54 Feudal Age
13:25 Double-Bit Axe
13:32 Gold Mining
13:33 Stone Mining
13:24 Domestication
13:30 Fishing Lines
13:44 Town Watch
14:38 Wheelbarrow
19:24 Castle Age
18:09 Forging
19:10 Scale Mail Armor
19:35 Man-at-Arms
20:16 Squires
20:23 Arson
21:54 Gambesons
21:58 Long Swordsman
24:39 Iron Casting
27:32 Hand Cart
32:29 Imperial Age
30:25 Chain Mail Armor
30:04 Town Watch
30:40 Bow Saw
30:53 Gillnets
31:45 Lamellar Armor
31:03 Pikeman
34:06 Plate Mail Armor
33:02 Capped Ram
34:41 Elite Liao Dao
35:43 Conscription
35:53 Two-Handed Swordsman
40:32 Champion
40:34 Elite Fire Lancer
45:11 Ballistics
45:55 Chemistry
45:16 Ballistics
Karma
0:58 Loom
14:26 Feudal Age
19:41 Castle Age
18:06 Horse Collar
18:14 Double-Bit Axe
18:29 Gold Mining
19:10 Fletching
21:55 Bow Saw
21:48 Heavy Plow
21:55 Padded Archer Armor
22:14 Stone Mining
24:42 Ballistics
26:57 Fortified Wall
29:33 Squires
28:54 Man-at-Arms
30:46 Leather Archer Armor
30:26 Bodkin Arrow
32:04 Gold Shaft Mining
31:48 Long Swordsman
33:27 Pikeman
37:38 Imperial Age
35:38 Scale Mail Armor
35:49 Forging
37:32 Chain Mail Armor
37:52 Iron Casting
38:25 Yeomen
39:27 Chemistry
38:14 Elite Longbowman
39:15 Conscription
39:37 Ring Archer Armor
39:08 Bracer
40:55 Plate Mail Armor
41:26 Blast Furnace
39:49 Two-Handed Swordsman
41:31 Warwolf
42:20 Guilds
42:16 Champion
48:55 Arson
49:01 Arson
菜鸟驿站
0:48 Loom
13:16 Feudal Age
21:14 Castle Age
19:31 Double-Bit Axe
24:48 Horse Collar
36:25 Imperial Age
34:44 Corvinian Army
35:51 Wheelbarrow
35:48 Bow Saw
35:54 Masonry
36:05 Ballistics
35:39 Fletching
36:00 Scale Barding Armor
36:03 Town Watch
38:21 Elite Magyar Huszar
39:34 Chain Barding Armor
40:12 Heavy Plow
40:29 Hand Cart
42:11 Plate Barding Armor
41:27 Fletching
42:09 Conscription
42:47 Caravan
44:11 Chemistry
45:20 Siege Engineers
48:45 Thumb Ring
49:06 Parthian Tactics
48:02 Heavy Cavalry Archer
50:25 Bodkin Arrow
50:31 Padded Archer Armor
50:35 Recurve Bow
50:58 Murder Holes
Connection lost

Rejoining the realm…

Still unreachable

The connection could not be restored.

Session expired

The server has moved on; the page needs a fresh start.